 Dungeon Crawl Stone Soup version 0.29-a0-789-g7a8fcbc185 (webtiles) character file.

Game seed: 1546324620154396365

2173 ytrimaz the Covert (level 9, -1/49 (57) HPs)
             Began as a Demonspawn Necromancer on July 2, 2022.
             Was an Initiate of Kikubaaqudgha.
             Slain by a wight
             ... wielding a +3 war axe
              (4 damage)
             ... on level 6 of the Dungeon.
             The game lasted 00:17:29 (10038 turns).

ytrimaz the Covert (Demonspawn Necromancer)        Turns: 10038, Time: 00:17:30

HP:   -1/49 (57)    AC:  6    Str:  9    XL:     9   Next: 11%
MP:   12/12         EV: 15    Int: 28    God:    Kikubaaqudgha [......]
Gold: 248           SH:  0    Dex: 19    Spells: 4/12 levels left

rFire   + + .      SeeInvis .   b - +2 dagger "Ultimatum" {pain, rPois rC- Int+7}
rCold   + . .      Faith    .   (no shield)
rNeg    . . .      Spirit   .   a - +0 robe
rPois   +          Reflect  .   (helmet restricted)
rElec   +          Harm     .   c - scarf {rC+ rF+}
rCorr   +          Rampage  .   C - +1 pair of gloves
Will    .....                   (no boots)
Stlth   ++++......              (no amulet)
HPRegen 0.16/turn               y - +6 ring of dexterity
MPRegen 0.13/turn               (no ring)

@: resistant, heavily drained
A: horns 2, molten scales 1, demonic magic 2
a: Renounce Religion


You were on level 6 of the Dungeon.
You worshipped Kikubaaqudgha.
Kikubaaqudgha was noncommittal.
You visited 2 branches of the dungeon, and saw 7 of its levels.
You also visited: Sewer and Ossuary.

You collected 272 gold pieces.
You spent 24 gold pieces at shops.

Inventory:

Hand Weapons
 b - the +2 dagger "Ultimatum" (weapon) {pain, rPois rC- Int+7}
   (You took it off a gnoll on level 2 of the Dungeon)

   In the hands of one skilled in necromantic magic, it inflicts extra damage on
   living creatures.
   Int:       It affects your intelligence (+7).
   rC:        It makes you vulnerable to cold.
   rPois:     It protects you from poison.
Armour
 a - a +0 robe (worn)
 c - a scarf of resistance (worn)
 p - a +0 cloak
 z - a +0 leather armour of fire resistance
 C - a +1 pair of gloves (worn)
Magical Staves
 u - a staff of death
Jewellery
 q - a ring of fire
 t - a ring of fire
 y - a +6 ring of dexterity (left hand)
Wands
 w - a wand of flame (15)
 A - a wand of light (4)
Scrolls
 h - 2 scrolls of magic mapping
 j - a scroll of identify
 m - 2 scrolls of fog
 n - 3 scrolls of blinking
 r - 2 scrolls of noise
 B - 4 scrolls of enchant weapon
Potions
 d - 3 potions of attraction
 e - 3 potions of brilliance
 f - 2 potions of flight
 g - 3 potions of curing
 l - 2 potions of lignification
 o - 4 potions of heal wounds
 s - a potion of might {unknown}
 v - a potion of ambrosia


   Skills:
 + Level 5.1 Short Blades
 + Level 4.9 Dodging
 - Level 8.0 Stealth
 - Level 2.0 Spellcasting
 - Level 7.0 Necromancy


You had 4 spell levels left.
You knew the following spells:

 Your Spells              Type           Power      Damage    Failure   Level
a - Necrotize             Necr           100%       1d9       1%          1
b - Animate Dead          Necr           42%        N/A       4%          4
c - Vampiric Draining     Necr           42%        2d9       1%          3

Your spell library contained the following spells:

 Spells                   Type           Power      Damage    Failure   Level
 Conjure Flame            Conj/Fire      2%         6-21      26%         3
 Dazzling Flash           Conj/Hex       4%         N/A       26%         3
 Ignite Poison            Fire/Tmut/Pois 2%         N/A       26%         3
 Iskenderun's Mystic Bla  Conj/Tloc      2%         2d3       65%         4
 Sticky Flame             Conj/Fire      2%         2d3       65%         4
 Agony                    Necr           42%        N/A       14%         5
 Starburst                Conj/Fire      1%         6d3       100%        6
 Borgnjor's Revivificati  Necr           21%        N/A       100%        8
 Necromutation            Tmut/Necr      11%        N/A       100%        8
 Death's Door             Necr           21%        N/A       100%        9


Dungeon Overview and Level Annotations

Branches:
Dungeon (6/15)             Temple (1/1) D:6           Sewer (visited)
Ossuary (visited)

Altars:
Ashenzari
Dithmenos
Fedhas
Gozag
Hepliaklqana
Kikubaaqudgha
Makhleb
Nemelex Xobeh
Okawaru
Qazlal
Ru
Sif Muna
Trog
Uskayaw
Vehumet
Wu Jian
Xom
Yredelemnul

Shops:
D:2 *


Innate Abilities, Weirdness & Mutations

You have a pair of horns on your head.
You are partially covered in molten scales. (AC +2)
Spells you cast may paralyse nearby enemies.


Message History

Unknown command.
Aiming: Bolt of Light
Press: ? - help, Shift-Dir - straight line, f - wight
Aim: a wight, wielding a +0 trident of flaming and wearing a +0 robe (71% to hit)
The bolt of light hits the wight!
The wight is severely damaged.
The wight is blinded.
The bolt of light hits the wight!
The wight is moderately damaged.
The wight is blinded.
A wight comes into view. It is wielding a +3 war axe.
The wight hits you with a +3 falchion of freezing.
Things that are here:
a +2 dagger; a +0 robe You hit the wight but do no damage.
Your headbutt misses the wight.
The wight is moderately damaged.
The wight misses you.
Unknown command.
You catch the helpless wight completely off-guard!
You impale the wight!!
You destroy the wight!
Kikubaaqudgha accepts your kill.
Things that are here:
a +3 falchion of freezing; a +0 robe The wight attacks as you move away!
The wight hits you with a +3 war axe!
You feel drained.
Things that are here:
a +2 dagger; a +0 robe
Aiming: Bolt of Light
Press: ? - help, Shift-Dir - straight line, f/p - wight
Aim: a wight, wielding a +0 trident of flaming and wearing a +0 robe (severely damaged, wandering, blind, hasn't noticed you, 71% to hit)
The bolt of light hits the wight!
The wight is severely damaged.
The wight is blinded.
The bolt of light hits the wight!
You destroy the wight!
Kikubaaqudgha accepts your kill. The wight hits you with a +3 war axe!
* * * LOW HITPOINT WARNING * * *
You feel drained.
You die...
Kikubaaqudgha rasps: "You have failed me!
Welcome... death!"

...## #.# ..# ....##
#######.# ...
###..#######.......#
####..<
##...............#
##.....)
##..........)..##
#.......
#.............#
##...)...
#............##
#........
#...#######>.#
##†)###... #..##
##@# ##..## #.. #..#
#z# ##..## .. #..##
#)## ##z.## .
######..##
#..###.z## #..#
##..## #..##..##
...# ##..## #.)...##
...# ##..## #.#...#
...# ###)# ##.#..#
...# ##..# ###.....


You could see a wight (blind).

Vanquished Creatures
  Eustachio (D:5)
  A steam dragon (D:5)
  Edmund (D:5)
  A black bear (D:6)
  An orc warrior (D:6)
  An ogre (D:5)
  A centaur (D:5)
  2 kobold brigands (Sewer)
  2 necrophages
  2 scorpions
  4 wights (D:6)
  5 water moccasin zombies (Ossuary)
  A howler monkey (D:5)
  A bouda (D:4)
  Crazy Yiuf (D:3)
  An orc priest (D:6)
  A hound (D:4)
  Ijyb (D:5)
  2 iguanas (D:4)
  An orc wizard (D:6)
  2 mummies (Ossuary)
  Robin (D:2)
  6 gnolls
  2 river rats
  8 adders
  3 ufetubi
  4 adder zombies (Ossuary)
  4 worms
  A dart slug (D:3)
  12 orcs
  10 ball pythons
  5 bats
  9 endoplasms
  2 giant cockroaches
  12 goblins
  11 hobgoblins
  2 jackals (D:1)
  10 kobolds
  5 quokkas
  4 frilled lizards
  5 gnoll zombies (Ossuary)
  4 hobgoblin zombies (Ossuary)
  4 kobold zombies (Ossuary)
  5 orc zombies (Ossuary)
  13 rats
175 creatures vanquished.

Vanquished Creatures (collateral kills)
  A gnoll (D:5)
  A goblin (D:2)
  A frilled lizard (D:1)
  2 kobolds (D:1)
5 creatures vanquished.

Vanquished Creatures (others)
  A gnoll zombie (D:5)
  An orc zombie (D:5)
2 creatures vanquished.

Grand Total: 182 creatures vanquished

Notes
Turn   | Place    | Note
-------+----------+-------------------------------------------
     0 | D:1      | ytrimaz the Demonspawn Necromancer began the quest for the
                  | Orb.
     0 | D:1      | Reached XP level 1. HP: 13/13 MP: 3/3
    55 | D:1      | Reached skill level 2 in Stealth
   209 | D:1      | Gained mutation: Spells you cast may paralyse adjacent
                  | enemies. [demonic ancestry]
   209 | D:1      | Reached XP level 2. HP: 19/19 MP: 1/5
  1232 | D:1      | Found a faded altar of an unknown god.
  1232 | D:1      | Noticed a red devil
  1409 | D:2      | Reached XP level 3. HP: 24/24 MP: 4/6
  1689 | D:2      | Identified the +2 dagger "Ultimatum" {pain, rPois rC-
                  | Int+7}
  1731 | D:2      | Reached skill level 3 in Stealth
  1731 | D:2      | Reached skill level 5 in Necromancy
  1731 | D:2      | Gained mutation: You have a pair of small horns on your
                  | head. [demonic ancestry]
  1731 | D:2      | Reached XP level 4. HP: 13/30 MP: 4/7
  2141 | D:2      | Found Deischissa's General Store.
  2150 | D:2      | Bought a scroll of identify for 24 gold pieces
  2151 | D:2      | Noticed Robin
  2395 | D:1      | Learned a level 4 spell: Animate Dead
  2395 | D:1      | Identified a scroll of acquirement
  2397 | D:1      | Acquired a Necronomicon
  2756 | D:2      | Killed Robin
  3581 | D:3      | Found a sparkling altar of Nemelex Xobeh.
  3656 | D:3      | Gained mutation: You are partially covered in molten
                  | scales. (AC +2) [demonic ancestry]
  3656 | D:3      | Reached XP level 5. HP: 34/34 MP: 5/8
  3981 | D:3      | Found a glowing drain.
  3986 | Sewer    | Entered a sewer
  4292 | Sewer    | Reached skill level 4 in Stealth
  4292 | Sewer    | Reached XP level 6. HP: 39/41 MP: 1/9
  4691 | D:3      | Found a shimmering altar of Xom.
  4695 | D:3      | Found a shimmering altar of Xom.
  4697 | D:3      | Found a shimmering altar of Xom.
  4959 | D:3      | Found a runed translucent door.
  4960 | D:3      | Noticed Crazy Yiuf
  5071 | D:3      | Killed Crazy Yiuf
  5699 | D:4      | Reached skill level 5 in Stealth
  5699 | D:4      | Gained mutation: Spells you cast may paralyse nearby
                  | enemies. [demonic ancestry]
  5699 | D:4      | Reached XP level 7. HP: 40/46 MP: 3/10
  6029 | D:4      | Found a blossoming altar of Fedhas.
  6060 | D:4      | Found an iron altar of Okawaru.
  6421 | D:5      | Entered Level 5 of the Dungeon
  6741 | D:5      | Found a shadowy altar of Dithmenos.
  6811 | D:5      | Noticed Edmund
  6894 | D:5      | Found a sand-covered staircase.
  6900 | Ossuary  | Entered an ossuary
  7178 | Ossuary  | Reached skill level 1 in Short Blades
  7477 | Ossuary  | Reached skill level 6 in Stealth
  8052 | D:4      | Learned a level 3 spell: Vampiric Draining
  8115 | D:5      | Gained mutation: You have a pair of horns on your head.
                  | [demonic ancestry]
  8115 | D:5      | Reached XP level 8. HP: 52/52 MP: 8/11
  8136 | D:5      | Noticed Ijyb
  8178 | D:5      | Killed Ijyb
  8268 | D:5      | Reached skill level 7 in Stealth
  8560 | D:5      | Killed Edmund
  8565 | D:5      | Noticed Eustachio
  8576 | D:5      | Killed Eustachio
  8577 | D:5      | Reached skill level 8 in Stealth
  9016 | D:6      | Found a staircase to the Ecumenical Temple.
  9036 | Temple   | Entered the Ecumenical Temple
  9209 | Temple   | Became a worshipper of Kikubaaqudgha
  9935 | D:6      | Reached XP level 9. HP: 47/54 MP: 8/12
 10031 | D:6      | Reached skill level 5 in Short Blades
 10038 | D:6      | Slain by a wight

Illustrated notes

Levels and vault maps discovered:
D:1:      lordsloth_arrival_two_stooges, layout_loops_corners,
          dreamdust_ecumenical_altar_sealed_demon,
          hangedman_abyss_or_decor_stabs
D:2:      layout_basic, serial_shops,
          nicolae_shop_temple_entry_statues_fountains, nicolae_eternal_life,
          hex_tiny, uniq_robin
D:3:      layout_loops_ring, xom_redecorated, nemelex_spade_bored_becter,
          gup_sewer_entry_spiral, uniq_crazy_yiuf_cottage
D:4:      layout_loops_corners, elyvilon_altar_5, kennysheep_okawaru_gauntlet,
          fedhas_altar_1
D:5:      layout_basic, nicolae_dithmenos_through_a_glass_darkly,
          nicolae_ossuary_entry_plus, uniq_edmund, uniq_ijyb, uniq_eustachio
D:6:      layout_layer_cave, minmay_temple_entry_slanted, serial_shops,
          shop_fountains, nicolae_sextant
Temple:   regret_index_temple_waves

Skill      XL: |  1  2  3  4  5  6  7  8  9 |
---------------+----------------------------+-----
Dodging        | 2 3 4 |  4.9
Stealth        | 2 3 4 5 6 8 |  8.0
Necromancy     | 5 6 7 |  7.0
Short Blades   | 2 4 5 |  5.1
Spellcasting   | |  2.0

Action                   |  1- 3 |  4- 6 |  7- 9 || total
-------------------------+-------+-------+-------++-------
Melee: Unarmed           |     5 |       |       ||     5
       Dagger            |     7 |    54 |   202 ||   263
       Headbutt          |       |    12 |    26 ||    38
       Punch             |       |     1 |     3 ||     4
 Cast: Necrotize         |    61 |   123 |    71 ||   255
       Animate Dead      |       |       |     1 ||     1
       Vampiric Draining |       |       |    10 ||    10
Evoke: Wand              |       |       |     3 ||     3
  Use: Scroll            |     5 |     8 |    10 ||    23
       Potion            |     2 |       |     7 ||     9
 Stab: Paralysed         |     5 |    12 |    32 ||    49
       Sleeping          |       |     2 |     7 ||     9
       Invisible         |       |       |     3 ||     3
Armor: Robe              |     4 |    18 |    42 ||    64
       Skin              |       |       |    17 ||    17
Dodge: Dodged            |    18 |    33 |   132 ||   183

Table legend: (Time is in decaauts)
 A = Elapsed time spent in this place.
 B = Non-inter-level travel time spent in this place.
 C = Inter-level travel time spent in this place.
 D = Time resting spent in this place.
 E = Time spent auto-exploring this place.
 F = Levels seen in this place.
 G = Mean time per level.
                   A        B        C        D        E       F      G
               +--------+--------+--------+--------+--------+-----+--------+
         Total |  10082 |   9675 |    407 |   2425 |   5469 |   9 | 1120.2 |
       Dungeon |   8372 |   8007 |    365 |   1694 |   4942 |   6 | 1395.3 |
        Temple |    216 |    174 |     42 |      0 |    128 |   1 |  216.0 |
         Sewer |    529 |    529 |      0 |      0 |    396 |   1 |  529.0 |
       Ossuary |    964 |    964 |      0 |    731 |      3 |   1 |  964.0 |
               +--------+--------+--------+--------+--------+-----+--------+

Top non-repeatable levels by time:
     D:2: 1816 daAuts
     D:1: 1647 daAuts
     D:4: 1510 daAuts
     D:3: 1303 daAuts
     D:5: 1294 daAuts
 Ossuary: 964 daAuts
     D:6: 801 daAuts
   Sewer: 529 daAuts
  Temple: 216 daAuts
